 Dungeon Crawl Stone Soup version 0.31-a0-803-g95b03c3367 (webtiles) character file.

Game seed: 18150664743928272923

70 wxvjkmoi the Chopper (level 4, -1/33 HPs)
             Began as a Demonspawn Gladiator on Sept 20, 2023.
             Slain by Crazy Yiuf
             ... wielding a +3 quarterstaff of chaos
              (11 damage)
             ... on level 2 of the Dungeon.
             The game lasted 00:11:51 (1385 turns).

wxvjkmoi the Chopper (Demonspawn Gladiator)         Turns: 1385, Time: 00:11:51

Health: -1/33      AC:  8    Str: 17    XL:     4   Next: 4%
Magic:  4/4        EV:  6    Int: 11    God:
Gold:   98         SH: 11    Dex: 14    Spells: 2/3 levels left

rFire   . . .        a - +0 war axe
rCold   . . .        h - +0 kite shield
rNeg    . . .        b - +0 chain mail
rPois   .            (helmet restricted)
rElec   .            (no cloak)
rCorr   .            (no gloves)
SInv    .            (no boots)
Will    .....        (no amulet) Stlth
                     (no ring)
HPRegen 0.25/turn    (no ring)
MPRegen 0.09/turn

%: no passive effects
@: lethally poisoned (-1 -> -7)
A: antennae 1, big brain 1, condensation shield
a: no special abilities


You were on level 2 of the Dungeon.
You visited 1 branch of the dungeon, and saw 2 of its levels.

You collected 98 gold pieces.

Inventory:

Hand Weapons
 a - a +0 war axe (weapon)
 g - a +2 dagger of venom
Missiles
 d - 3 throwing nets
 e - a javelin (quivered)
 n - 10 stones
Armour
 b - a +0 chain mail (worn)
 c - a +1 helmet
 h - a +0 kite shield (worn)
Scrolls
 j - a scroll of teleportation
 o - a scroll of brand weapon {unknown}
 p - a scroll of fear {unknown}
Potions
 i - 3 potions of curing {unknown}
 k - a potion of magic {unknown}
 l - a potion of degeneration {unknown}
 m - a potion of cancellation {unknown}


   Skills:
 + Level 2.2 Fighting
 * Level 4.0 Axes
 - Level 1.7 Throwing
 + Level 0.2 Armour
 * Level 3.0 Dodging
 + Level 0.5 Shields


You had 2 spell levels left.
You knew the following spells:

 Your Spells              Type           Power      Damage    Failure   Level
a - Freeze                Ice            0%         1d3       100%        1

Your spell library contained the following spells:

 Spells                   Type           Power      Damage    Failure   Level
 Sting                    Tmut/Pois      0%         1d3       100%        1
 Poisonous Vapours        Pois/Air       0%         N/A       100%        2
 Frozen Ramparts          Ice            0%         1d1       100%        3
 Hailstorm                Conj/Ice       0%         3d3       100%        3
 Olgreb's Toxic Radiance  Pois           0%         N/A       100%        4


Dungeon Overview and Level Annotations

Branches:
Dungeon (2/15)

Altars:

Annotations:
D:2 Crazy Yiuf


Innate Abilities, Weirdness & Mutations

You have a pair of small antennae on your head.
You have an unusually large brain. (Int +2)
A meltable shield of frost defends you. (SH +4)


Message History

You see here a +0 hammer.
Found six hammers.
Found a runed translucent door.
You see here a +0 hammer.
Found a hammer.
You see here a +0 hammer.
You see here a +1 hammer of holy wrath.
Found three hammers.
You see here a +0 hammer.
You open the door. You barely miss Crazy Yiuf.
Crazy Yiuf says, "Crazy?
Crazy!?
PORCUPINE!"
You block Crazy Yiuf's attack.
Crazy Yiuf hits you with a +3 quarterstaff of chaos.
You resist with some effort.
You hit Crazy Yiuf.
Crazy Yiuf is lightly wounded.
Crazy Yiuf hits you with a +3 quarterstaff of chaos!
Crazy Yiuf freezes you.
You barely miss Crazy Yiuf.
Crazy Yiuf is lightly wounded.
Crazy Yiuf hits you with a +3 quarterstaff of chaos!
You are lethally poisoned!
Crazy Yiuf hits you with a +3 quarterstaff of chaos.
* * * LOW HITPOINT WARNING * * *
You convulse.
* * * LOW HITPOINT WARNING * * *
You feel much better.
You feel very sick.
Crazy Yiuf sings, "Trees, trees, trees, circus!"
Crazy Yiuf barely misses you.
You barely miss Crazy Yiuf.
Crazy Yiuf is lightly wounded.
You feel very sick. Crazy Yiuf barely misses you.
You closely miss Crazy Yiuf.
Crazy Yiuf is lightly wounded.
You feel very sick.
Crazy Yiuf hits you with a +3 quarterstaff of chaos!
You convulse!
You die...

#
#..##.####....#
# ##....#
##..## #####
####.# #....#
....# #.#
##..)# ....#
### ##)## ....#
##)# ....# #)##
....# ##)#
....# #@##
....# #g# ....#
))) ...## #)))#
.### #).)# ###
.# ##### #.###
## ########
#...########
#......##
###.#.......).
#####.......#
#....####.>###


You could see Crazy Yiuf.

Vanquished Creatures
  Robin (D:2)
  An adder (D:2)
  A worm (D:2)
  6 bats (D:2)
  5 endoplasms
  11 goblins
  2 hobgoblins (D:2)
  3 kobolds
  A quokka (D:1)
  A ball python (D:1)
  13 frilled lizards
  2 rats (D:1)
47 creatures vanquished.

Notes
Turn   | Place    | Note
-------+----------+-------------------------------------------
     0 | D:1      | wxvjkmoi the Demonspawn Gladiator began the quest for the
                  | Orb.
     0 | D:1      | Reached XP level 1. HP: 16/16 MP: 1/1
   168 | D:1      | Reached skill level 3 in Axes
   290 | D:1      | Gained mutation: A meltable shield of frost defends you.
                  | (SH +4) [demonic ancestry]
   290 | D:1      | Reached XP level 2. HP: 22/22 MP: 2/2
   987 | D:2      | Gained mutation: You have a pair of small antennae on your
                  | head. [demonic ancestry]
   987 | D:2      | Reached XP level 3. HP: 27/27 MP: 3/3
  1012 | D:2      | Noticed Robin
  1049 | D:2      | Killed Robin
  1192 | D:2      | Gained mutation: You have an unusually large brain. (Int
                  | +2) [demonic ancestry]
  1192 | D:2      | Reached XP level 4. HP: 25/33 MP: 4/4
  1200 | D:2      | Reached skill level 4 in Axes
  1288 | D:2      | Learned a level 1 spell: Freeze
  1375 | D:2      | Found a runed translucent door.
  1376 | D:2      | Noticed Crazy Yiuf
  1385 | D:2      | Slain by Crazy Yiuf

Illustrated notes

Levels and vault maps discovered:
D:1:      eino_arrival_cavern_d, layout_loops_ring, minmay_statues_item,
          minmay_lizard_king
D:2:      layout_basic, corexii_shack, uniq_robin, uniq_crazy_yiuf_cottage

Skill      XL: |  1  2  3  4 |
---------------+-------------+-----
Axes           | 3 4 |  4.0
Dodging        | 3 |  3.0
Fighting       | |  2.2
Throwing       | |  1.7
Armour         | |  0.2
Shields        | |  0.5

Action                     |  1- 3 |  4- 6 || total
---------------------------+-------+-------++-------
  Melee: War axe           |   162 |    16 ||   178
    Use: Potion            |     1 |     1 ||     2
         Scroll            |     1 |       ||     1
 Armour: Leather armour    |    27 |       ||    27
         Chain mail        |    71 |    15 ||    86
         Ring mail         |     2 |       ||     2
  Dodge: Dodged            |    79 |     7 ||    86
  Block: Other             |    13 |       ||    13
         Kite shield       |    64 |     9 ||    73

Table legend: (Time is in decaauts)
 A = Elapsed time spent in this place.
 B = Non-inter-level travel time spent in this place.
 C = Inter-level travel time spent in this place.
 D = Time resting spent in this place.
 E = Time spent auto-exploring this place.
 F = Levels seen in this place.
 G = Mean time per level.
                   A        B        C        D        E       F      G
               +--------+--------+--------+--------+--------+-----+--------+
         Total |   1460 |   1416 |     44 |     67 |    886 |   2 |  730.0 |
       Dungeon |   1460 |   1416 |     44 |     67 |    886 |   2 |  730.0 |
               +--------+--------+--------+--------+--------+-----+--------+

Top non-repeatable levels by time:
     D:1: 848 daAuts
     D:2: 612 daAuts
